 Dungeon Crawl Stone Soup version 0.31-a0-564-g3b7de120b3 (webtiles) character file.

Game seed: 10756193882403979840

5676 Rohain the Nimble (level 11, -19/65 HPs)
             Began as a Djinni Fire Elementalist on Aug 17, 2023.
             Was an Initiate of Ashenzari.
             Demolished by Fannar
             ... wielding a +0 quarterstaff of freezing
              (27 damage)
             ... on level 10 of the Dungeon.
             The game lasted 00:21:11 (7700 turns).

Rohain the Nimble (Djinni Fire Elementalist)        Turns: 7700, Time: 00:21:12

Health: -19/65     AC:  4    Str:  7    XL:     11   Next: 4%
Gold:   626        EV: 17    Int: 21    God:    Ashenzari [......] SH:  0 Dex: 14

rFire   + + .        l - staff of poison
rCold   x . .        (no shield)
rNeg    . . .        a - +1 robe
rPois   ∞            (helmet restricted)
rElec   .            d - +0 cloak
rCorr   .            (no gloves)
SInv    .            (boots unavailable)
Will    +....        e - amulet of regeneration
Stlth   ++           (no ring)
HPRegen 1.10/turn    (no ring)
MPRegen 0.00/turn

%: infuse magic (-20 HP)
@: about to teleport, flying, hasted, very quick
A: sickness immunity, fire resistance 2, cold vulnerability 1, float, innate
caster, HP casting, extra vitality 1, antennae 1, sturdy frame 1
a: Renounce Religion


You were on level 10 of the Dungeon.
You worshipped Ashenzari.
Ashenzari was noncommittal.
You visited 1 branch of the dungeon, and saw 10 of its levels.
You also visited: Ossuary.

You collected 626 gold pieces.

Inventory:

Missiles
 A - 2 throwing nets
Armour
 a - a +1 robe (worn)
 c - a +0 helmet
 d - a +0 cloak (worn)
 v - a scarf of shadows
Magical Staves
 l - a staff of poison (weapon)
Jewellery
 e - an amulet of regeneration (around neck)
Talismans
 t - a serpent talisman
 u - a blade talisman
 x - a maw talisman
Wands
 i - a wand of charming (20)
 j - a wand of mindburst (26)
 k - a wand of roots (9)
Scrolls
 f - 3 scrolls of teleportation
 g - 3 scrolls of fog
 q - 3 scrolls of immolation
 s - a scroll of vulnerability
 w - a scroll of enchant armour
 y - a scroll of enchant weapon
 B - 2 scrolls of identify
 C - a scroll of revelation
Potions
 b - a potion of magic
 h - a potion of enlightenment
 m - 2 potions of cancellation
 p - 3 potions of degeneration
 r - a potion of attraction
 z - a potion of brilliance


   Skills:
 + Level 10.2 Dodging
 - Level 1.5 Stealth
 * Level 10.2 Spellcasting
 * Level 10.2 Conjurations
 * Level 10.2 Hexes
   Level 0.0 Charms
 * Level 10.2 Summonings
 * Level 10.2 Necromancy
 * Level 10.2 Translocations
 * Level 10.2 Transmutations
 * Level 10.2 Fire Magic
 * Level 10.2 Ice Magic
 * Level 10.2 Air Magic
 * Level 10.2 Earth Magic
 * Level 10.2 Poison Magic


You knew the following spells:

 Your Spells              Type           Power      Damage    Failure   Level
a - Foxfire               Conj/Fire      100%       2x1d9     1%          1
b - Scorch                Fire           100%       2d9       1%          2
c - Volatile Blastmotes   Fire/Tloc      100%       2d18      1%          3
d - Inner Flame           Hex/Fire       52%        N/A       1%          3
e - Flame Wave            Conj/Fire      52%        2d13      1%          4
f - Necrotise             Necr           100%       1d9       1%          1
g - Wereblood             Tmut           52%        N/A       1%          2
h - Frozen Ramparts       Ice            100%       1d16      1%          3
i - Petrify               Tmut/Erth      52%        N/A       1%          4
j - Summon Lightning Spi  Summ/Air       52%        N/A       1%          4
Your spell library was empty.

Dungeon Overview and Level Annotations

Branches:
Dungeon (10/15)            Temple (0/1) D:4             Orc (0/2) D:9
Ossuary (visited)
   Lair: D:8-11

Altars:
Ashenzari
Dithmenos
Hepliaklqana
Ru
Xom
Yredelemnul
Zin

Shops:
D:6 :

Annotations:
D:4 2 transporters
D:5 2 runed translucent doors
D:10 Fannar


Innate Abilities, Weirdness & Mutations

You are immune to sickness and miasma.
You are immune to poison.
Your flesh is very heat resistant. (rF++)
You are vulnerable to cold. (rC-)
You float through the air rather than walking.
You learn spells naturally, not from books.
Your magical power is your life essence.
You have superior vitality. (+4 MHP)
You have a pair of small antennae on your head.
Your movements are slightly less encumbered by armour. (ER -2)


Message History

Casting: Foxfire (safe; 1% risk of failure)
Confirm with . or Enter, or press ? or * to list all spells.
Flames lash Fannar.
Fannar is burned terribly!
Fannar is lightly wounded.
Fannar's fire resistance burns away.
Casting: Scorch (safe; 1% risk of failure)
Confirm with . or Enter, or press ? or * to list all spells.
Flames lash Fannar.
Fannar is burned terribly!
Fannar is lightly wounded.
Fannar hits you with a +0 quarterstaff of freezing.
Fannar freezes you.
Casting: Scorch (safe; 1% risk of failure)
Confirm with . or Enter, or press ? or * to list all spells.
Flames lash Fannar.
Fannar is burned terribly!
Fannar is moderately wounded.
* * * LOW HITPOINT WARNING * * *
Casting: Scorch (safe; 1% risk of failure)
Confirm with . or Enter, or press ? or * to list all spells.
Flames lash Fannar.
Fannar is burned terribly!
Fannar is moderately wounded.
* * * LOW HITPOINT WARNING * * *
Fannar hits you with a +0 quarterstaff of freezing!
* * * LOW HITPOINT WARNING * * *
Fannar freezes you.
* * * LOW HITPOINT WARNING * * *
You feel better.
Fannar hits you with a +0 quarterstaff of freezing.
* * * LOW HITPOINT WARNING * * *
Fannar freezes you.
* * * LOW HITPOINT WARNING * * *
Okay, then.
Okay, then.
As you read the scroll of teleportation, it crumbles to dust.
You feel strangely unstable.
Okay, then.
You feel as though your hastened speed will last longer.
Fannar gestures wildly while chanting.
Fannar drains the heat from the surrounding environment!
You feel a terrible chill!
You die...

#...... #...... ###
##### #...... #.. ...#
#...... #.. #..# #......
#.. #..# #......
#..####.[# #......
#..e.....#####......
#..@................
.......#................
.......#...........#####
..##...#........#.......
. #...#........#.......
#...#........#.......
.....................
######################


You could see Fannar (combustible).

Vanquished Creatures
  Pikel (D:4)
  Maggie (D:9)
  Grinder (D:3)
  Sigmund (D:4)
  A warg (D:9)
  An acid dragon (D:10)
  2 water moccasins
  6 orc warriors
  2 ice beasts
  3 sky beasts
  2 ogres (D:5)
  5 centaurs
  A lemure (D:4)
  2 kobold brigands
  Blork the orc (D:4)
  A gnoll sergeant (D:8)
  A bullfrog (D:8)
  5 scorpions
  10 wights (D:8)
  6 howler monkeys
  6 centaur zombies (Ossuary)
  2 jellies
  5 hounds
  5 orc priests
  2 gnoll boudas
  An iguana (D:7)
  5 orc wizards
  6 mummies
  Robin (D:4)
  7 adders
  13 gnolls
  A white imp (D:6)
  A worm (D:4)
  5 dart slugs
  36 orcs
  8 ball pythons
  7 endoplasms
  2 giant cockroaches
  19 goblins
  8 hobgoblins
  5 jackals
  6 quokkas
  5 bats
  4 frilled lizards
  A goblin zombie (D:4)
  4 hobgoblin zombies (Ossuary)
  15 kobolds
  10 rats
  A spectral goblin (D:5)
244 creatures vanquished.

Vanquished Creatures (others)
  997 foxfires
997 creatures vanquished.

Grand Total: 1241 creatures vanquished

Notes
Turn   | Place    | Note
-------+----------+-------------------------------------------
     0 | D:1      | Rohain the Djinni Fire Elementalist began the quest for the
                  | Orb.
     0 | D:1      | Rohain set off with the following spells memorised:
                  | Foxfire, Scorch, Volatile Blastmotes, Inner Flame, Flame
                  | Wave.
     0 | D:1      | Reached XP level 1. HP: 15/15 MP: 0/0
   391 | D:1      | Reached XP level 2. HP: 18/21 MP: 0/0
   659 | D:1      | Reached XP level 3. HP: 20/25 MP: 0/0
   659 | D:1      | Learned a level 1 spell: Necrotise
  1137 | D:2      | You are sucked into a shaft and drop 1 floor!
  1336 | D:3      | Noticed Grinder
  1348 | D:3      | Reached XP level 4. HP: 31/31 MP: 0/0
  1363 | D:3      | Killed Grinder
  1364 | D:3      | Reached XP level 5. HP: 20/35 MP: 0/0
  1364 | D:3      | Learned a level 2 spell: Wereblood
  1364 | D:3      | Reached XP level 6. HP: 22/40 MP: 0/0
  1612 | D:4      | Noticed Pikel
  1672 | D:4      | Noticed Robin
  1721 | D:4      | Killed Pikel
  1722 | D:4      | Reached skill level 5 in Dodging
  1722 | D:4      | Reached skill level 5 in Spellcasting
  1722 | D:4      | Reached skill level 5 in Conjurations
  1722 | D:4      | Reached skill level 5 in Hexes
  1722 | D:4      | Reached skill level 5 in Summonings
  1722 | D:4      | Reached skill level 5 in Necromancy
  1722 | D:4      | Reached skill level 5 in Translocations
  1722 | D:4      | Reached skill level 5 in Transmutations
  1722 | D:4      | Reached skill level 5 in Fire Magic
  1722 | D:4      | Reached skill level 5 in Ice Magic
  1722 | D:4      | Reached skill level 5 in Air Magic
  1722 | D:4      | Reached skill level 5 in Earth Magic
  1722 | D:4      | Reached skill level 5 in Poison Magic
  1722 | D:4      | Reached XP level 7. HP: 31/45 MP: 0/0
  1722 | D:4      | Learned a level 3 spell: Frozen Ramparts
  1722 | D:4      | Reached XP level 8. HP: 35/50 MP: 0/0
  1725 | D:4      | Killed Robin
  1831 | D:4      | Found a transporter.
  1908 | D:4      | Noticed Sigmund
  1917 | D:4      | Killed Sigmund
  1933 | D:4      | Found a sand-covered staircase.
  1937 | Ossuary  | Entered an ossuary
  2084 | D:4      | Identified a scroll of acquirement
  2084 | D:4      | Acquired a staff of poison
  2105 | D:4      | Found a staircase to the Ecumenical Temple.
  2292 | D:4      | Noticed Blork the orc
  2297 | D:4      | Killed Blork the orc
  2331 | D:4      | Found a transporter.
  2352 | D:4      | Reached XP level 9. HP: 55/55 MP: 0/0
  2352 | D:4      | Learned a level 4 spell: Petrify
  3842 | D:5      | Entered Level 5 of the Dungeon
  3935 | D:5      | Found a basalt altar of Yredelemnul.
  4165 | D:5      | Found a hazy altar of Hepliaklqana.
  4341 | D:5      | Found a large runed translucent door.
  4341 | D:5      | Found a large runed translucent door.
  4342 | D:5      | Found a shimmering altar of Xom.
  4692 | D:6      | Found Emmomin's Tremendous Tomes.
  5179 | D:7      | Reached XP level 10. HP: 60/60 MP: 0/0
  5219 | D:7      | Found a shadowy altar of Dithmenos.
  5328 | D:7      | Found a sacrificial altar of Ru.
  5588 | D:7      | Gained mutation: Your movements are slightly less
                  | encumbered by armour. (ER -2) [potion of mutation]
  5588 | D:7      | Gained mutation: You have a pair of small antennae on your
                  | head. [potion of mutation]
  6867 | D:9      | Found a staircase to the Orcish Mines.
  6900 | D:9      | Noticed Maggie
  6905 | D:9      | Killed Maggie
  7093 | D:9      | Reached skill level 10 in Dodging
  7115 | D:9      | Reached skill level 10 in Spellcasting
  7115 | D:9      | Reached skill level 10 in Conjurations
  7115 | D:9      | Reached skill level 10 in Hexes
  7115 | D:9      | Reached skill level 10 in Summonings
  7115 | D:9      | Reached skill level 10 in Necromancy
  7115 | D:9      | Reached skill level 10 in Translocations
  7115 | D:9      | Reached skill level 10 in Transmutations
  7115 | D:9      | Reached skill level 10 in Fire Magic
  7115 | D:9      | Reached skill level 10 in Ice Magic
  7115 | D:9      | Reached skill level 10 in Air Magic
  7115 | D:9      | Reached skill level 10 in Earth Magic
  7115 | D:9      | Reached skill level 10 in Poison Magic
  7294 | D:9      | Found a glowing silver altar of Zin.
  7376 | D:9      | Found a broken altar of Ashenzari.
  7474 | D:9      | Became a worshipper of Ashenzari the Shackled
  7581 | D:9      | Reached XP level 11. HP: 56/65 MP: 0/0
  7581 | D:9      | Learned a level 4 spell: Summon Lightning Spire
  7653 | D:10     | Entered Level 10 of the Dungeon
  7691 | D:10     | Noticed Fannar
  7700 | D:10     | Demolished by Fannar

Illustrated notes

Levels and vault maps discovered:
D:1:      matt_arrival_spirals, layout_basic, minmay_pentomino_r2
D:2:      layout_basic, amcnicky_mini_pool_small, minmay_fractal_squares_5
D:3:      layout_basic, vehumet_crystals, uniq_grinder
D:4:      gammafunk_wand_slinger, layout_basic,
          minmay_temple_entry_antechambers, nicolae_ossuary_entry_giza,
          uniq_robin, uniq_blork_the_orc, uniq_sigmund, uniq_pikel
D:5:      due_chaos_kobolds, layout_rooms,
          nicolae_hepliaklqana_monster_ancestors, amcnicky_altar_gilded,
          grunt_ministairs_10
D:6:      layout_rooms, serial_bayou_pond_a, nicolae_shop_i_like_big_books
D:7:      layout_basic, overflow_temple_1_default,
          mainiacjoe_overflow_small_starburst, kennysheep_generic_room_4
D:8:      layout_loops_ring, hangedman_abyss_or_decor_slice
D:9:      layout_stronghold, nicolae_ashenzari_skybound, zin_academy,
          erik_orc_3, serial_column_ruins, column_ruins_hut,
          column_ruins_open_small, column_ruins_open_small,
          column_ruins_open_medium, column_ruins_open_small_water, uniq_maggie
D:10:     layout_stronghold, kiku_gazebo_pond_becter, enter_bailey_5,
          kennysheep_generic_room_6, uniq_josephine, uniq_fannar

Skill      XL: |  1  2  3  4  5  6  7  8  9 10 |
---------------+-------------------------------+-----
Spellcasting   | 4 5 7 8 10 | 10.2
Conjurations   | 4 5 7 8 10 | 10.2
Hexes          | 4 5 7 8 10 | 10.2
Summonings     | 4 5 7 8 10 | 10.2
Necromancy     | 4 5 7 8 10 | 10.2
Translocations | 4 5 7 8 10 | 10.2
Transmutations | 4 5 7 8 10 | 10.2
Fire Magic     | 4 5 7 8 10 | 10.2
Ice Magic      | 4 5 7 8 10 | 10.2
Air Magic      | 4 5 7 8 10 | 10.2
Earth Magic    | 4 5 7 8 10 | 10.2
Poison Magic   | 4 5 7 8 10 | 10.2
Dodging        | 3 4 5 6 8 10 | 10.2
Stealth        | |  1.5

Action                     |  1- 3 |  4- 6 |  7- 9 | 10-12 || total
---------------------------+-------+-------+-------+-------++-------
  Melee: Unarmed           |     1 |     1 |       |       ||     2
   Cast: Foxfire           |   102 |    52 |   260 |   199 ||   613
         Necrotise         |     7 |       |     5 |     7 ||    19
         Scorch            |     2 |    19 |    28 |    49 ||    98
         Wereblood         |       |     2 |       |       ||     2
         Flame Wave        |       |       |     1 |     8 ||     9
         Inner Flame       |       |       |     1 |     1 ||     2
         Frozen Ramparts   |       |       |       |     9 ||     9
         Petrify           |       |       |       |     1 ||     1
         Summon Lightning  |       |       |       |     1 ||     1
    Use: Scroll            |     1 |     2 |    11 |     1 ||    15
         Potion            |       |     5 |     2 |     8 ||    15
 Armour: Robe              |     9 |     5 |    14 |     2 ||    30
  Dodge: Dodged            |    23 |    35 |    61 |    40 ||   159
         Form:             |       |       |     1 |       ||     1
         Blade             |       |       |     1 |       ||     1

Table legend: (Time is in decaauts)
 A = Elapsed time spent in this place.
 B = Non-inter-level travel time spent in this place.
 C = Inter-level travel time spent in this place.
 D = Time resting spent in this place.
 E = Time spent auto-exploring this place.
 F = Levels seen in this place.
 G = Mean time per level.
                   A        B        C        D        E       F      G
               +--------+--------+--------+--------+--------+-----+--------+
         Total |   7689 |   7398 |    291 |    218 |   5662 |  11 |  699.0 |
       Dungeon |   7546 |   7255 |    291 |    195 |   5620 |  10 |  754.6 |
       Ossuary |    143 |    143 |      0 |     23 |     42 |   1 |  143.0 |
               +--------+--------+--------+--------+--------+-----+--------+

Top non-repeatable levels by time:
     D:3: 1056 daAuts
     D:7: 1051 daAuts
     D:1: 959 daAuts
     D:9: 894 daAuts
     D:4: 892 daAuts
     D:2: 770 daAuts
     D:8: 732 daAuts
     D:5: 584 daAuts
     D:6: 559 daAuts
 Ossuary: 143 daAuts
    D:10: 44 daAuts
